Map: Kairos Junction LE

Players

Apoptosis - Winner!

  • Race: Zerg Zerg
  • League: Diamond
  • Spawn Location: 11:00

AlwaysHangry

  • Race: Terran Terran
  • League: Master
  • Spawn Location: 5:00

VOD

Have the link to the VOD?

Description

Time

  • Played on: March 28, 2019, 3:28 a.m.
  • Length: 15:04
Show
View Real Time Build Order
Export as new Build Order

Apoptosis Zerg - Winner!

Build Orders: Hatch First, Swarm Host 

Get SALT Encoding   

  12  0:01  Drone  
  13  0:12  Overlord  
  13  0:16  Drone  
  14  0:31  Drone x2  
  16  0:50  Hatchery  
  16  0:53  Drone  
  16  0:56  Drone  
  17  1:00  Drone  
  18  1:10  Extractor  
  17  1:17  Spawning Pool  
  16  1:20  Drone  
  16  1:24  Drone  
  18  1:28  Drone  
  19  1:38  Overlord  
  19  1:50  Drone  
  20  2:04  Queen x2, Zergling x2  
  20  2:05  Zergling x2  
  26  2:12  Metabolic Boost  
  26  2:16  Drone  
  26  2:18  Drone  
  26  2:22  Drone  
  29  2:30  Drone  
  30  2:43  Queen  
  32  2:48  Drone x3  
  32  2:49  Drone  
  36  2:54  Overlord  
  36  3:11  Hatchery  
  35  3:15  Drone  
  35  3:26  Drone x2  
  35  3:27  Overlord x2  
  37  3:34  Queen, Roach Warren  
  37  3:35  Drone  
  37  3:37  Drone  
  37  3:40  Drone  
  41  3:42  Drone  
  42  3:49  Zergling x2  
  42  3:50  Zergling x6  
  42  3:54  Overlord  
  46  4:01  Spore Crawler  
  45  4:05  Spore Crawler  
  45  4:06  Drone x2  
  46  4:20  Drone  
  46  4:21  Drone x7  
  54  4:28  Roach  
  56  4:40  Drone x6  
  62  4:46  Extractor  
  62  4:47  Lair, Extractor  
  62  4:51  Roach x2  
  64  5:02  Spore Crawler  
  64  5:04  Roach  
  64  5:14  Drone x2  
  64  5:18  Roach  
  64  5:20  Overlord x4  
  61  5:41  Drone x4  
  61  5:42  Drone x7  
  72  5:48  Extractor  
  71  5:51  Drone  
  71  5:52  Evolution Chamber x2  
  71  5:53  Glial Reconstitution, Hatchery  
  70  5:57  Drone  
  70  6:00  Hatchery  
  69  6:09  Roach x6  
  81  6:12  Drone x2  
  83  6:22  Drone x2  
  83  6:23  Drone x6  
  91  6:29  Zerg Missile Weapons Level 1  
  91  6:31  Zerg Ground Armor Level 1  
  91  6:35  Hydralisk Den  
  88  6:41  Infestation Pit  
  88  6:44  Overseer  
  87  6:48  Queen  
  87  6:49  Queen x2  
  93  6:55  Extractor  
  93  6:56  Extractor  
  91  7:22  Drone x3  
  94  7:23  Drone x3  
  94  7:28  Drone x6  
  103  7:30  Swarm Host x2  
  103  7:34  Overlord x8  
  103  7:36  Spore Crawler  
  108  7:46  Muscular Augments  
  108  7:55  Nydus Network  
  107  8:00  Swarm Host x2  
  107  8:01  Swarm Host x3  
  122  8:06  Zergling x2  
  122  8:07  Zergling x18  
  132  8:17  Roach  
  132  8:18  Roach x5  
  144  8:33  Overseer  
  144  8:38  Swarm Host x3, Pneumatized Carapace  
  144  8:39  Swarm Host  
  156  8:45  Nydus Canal  
  156  8:51  Roach x5  
  166  8:58  Grooved Spines  
  166  8:59  Nydus Canal  
  158  9:19  Nydus Canal  
  158  9:21  Overlord  
  158  9:22  Overlord x7  
  158  9:25  Zerg Ground Armor Level 2, Zerg Missile Weapons Level 2  
  158  9:31  Hive  
  158  9:56  Nydus Canal  
  158  9:58  Roach  
  158  9:59  Roach x14  
  188  10:06  Overlord  
  188  10:07  Overlord x9  
  187  10:14  Overseer  
  169  10:46  Drone x2  
  169  10:47  Drone x4  
  169  10:48  Drone  
  167  10:52  Nydus Canal  
  165  10:58  Swarm Host x3  
  172  11:06  Nydus Canal  
  172  11:13  Hydralisk x3  
  131  11:43  Hydralisk x5  
  131  11:44  Hydralisk x12  
  163  11:52  Hydralisk x3  
  163  11:53  Hatchery  
  162  12:00  Nydus Canal  
  160  12:03  Hatchery  
  155  12:37  Spore Crawler  
  153  12:49  Overseer  
  153  13:02  Nydus Canal  
  151  13:10  Hydralisk  
  151  13:11  Hydralisk x8  
  155  13:17  Nydus Canal  
  151  13:23  Drone x13  
  164  13:45  Hydralisk  
  164  13:47  Overlord  
  164  13:48  Overlord x11  
  166  14:05  Queen x4, Nydus Canal  
  166  14:07  Hydralisk  
  176  14:10  Viper x3  
  185  14:35  Nydus Canal  
Show
View Real Time Build Order
Export as new Build Order

AlwaysHangry Terran 

Build Orders: Reaper Expand, Hellion Banshee 

Get SALT Encoding   

  12  0:00  SCV  
  13  0:12  SCV  
  14  0:17  Supply Depot  
  14  0:24  SCV  
  15  0:39  SCV  
  15  0:42  Barracks  
  16  0:45  Refinery  
  16  0:52  SCV  
  17  1:04  SCV  
  18  1:16  SCV  
  19  1:29  Orbital Command, Reaper  
  20  1:42  Command Center  
  20  1:51  Supply Depot  
  20  1:55  SCV  
  21  2:04  Marine  
  21  2:07  SCV  
  23  2:15  Factory  
  23  2:19  SCV  
  24  2:23  Barracks Tech Lab, Refinery  
  24  2:31  SCV  
  25  2:43  SCV  
  26  2:52  Barracks Reactor  
  26  2:55  Orbital Command  
  26  2:56  SCV  
  27  3:03  Starport  
  27  3:08  SCV  
  28  3:20  SCV  
  28  3:23  SCV  
  30  3:32  SCV  
  31  3:35  SCV  
  31  3:37  Hellion x2  
  36  3:44  SCV  
  36  3:45  Refinery  
  36  3:46  Supply Depot  
  36  3:47  SCV  
  38  3:53  Banshee  
  38  3:54  Cloaking Field  
  41  3:58  SCV  
  41  3:59  SCV  
  43  4:08  Supply Depot  
  43  4:09  Hellion x2  
  47  4:11  SCV  
  47  4:19  SCV  
  47  4:23  SCV  
  49  4:29  Supply Depot  
  49  4:31  Hellion x2, Armory  
  53  4:32  SCV  
  53  4:35  SCV  
  53  4:36  Banshee  
  58  4:44  SCV  
  59  4:47  SCV  
  60  4:56  SCV, Command Center  
  60  4:59  Hellion x2  
  65  5:03  SCV  
  65  5:04  Refinery  
  66  5:08  SCV  
  66  5:10  Barracks Tech Lab  
  66  5:12  Factory  
  66  5:13  Factory  
  67  5:15  SCV  
  67  5:20  SCV  
  69  5:32  SCV x2  
  69  5:33  Terran Vehicle Weapons Level 1  
  63  5:45  Hellion x2, Banshee  
  70  6:00  Supply Depot  
  70  6:05  Factory Tech Lab  
  70  6:06  Factory  
  70  6:07  Factory  
  70  6:08  Hellion x2, SCV x2  
  76  6:20  SCV  
  75  6:29  Mag-Field Accelerator, Infernal Pre-Igniter  
  75  6:41  SCV x2, Starport Reactor  
  75  6:42  Orbital Command  
  77  6:52  Engineering Bay  
  77  6:53  SCV x2  
  79  7:01  Refinery x2  
  79  7:02  Factory Reactor  
  79  7:03  Supply Depot  
  79  7:05  SCV x2  
  82  7:10  Cyclone x3  
  82  7:11  Hellion x2  
  94  7:18  SCV x3  
  97  7:30  SCV x3  
  97  7:32  Terran Vehicle Weapons Level 2  
  97  7:34  Sensor Tower  
  97  7:36  Armory  
  100  7:41  Hellion x3  
  100  7:42  Hellion, SCV  
  109  7:49  Command Center, Sensor Tower  
  109  7:57  Supply Depot  
  109  7:58  Supply Depot x2  
  109  8:02  Liberator  
  109  8:11  SCV x2  
  109  8:12  SCV  
  109  8:15  Cyclone  
  109  8:19  Hellion, Cyclone  
  117  8:20  Hellion x3, Cyclone  
  117  8:23  Liberator  
  117  8:24  SCV  
  127  8:31  SCV x2  
  129  8:35  Supply Depot x2  
  129  8:36  SCV  
  129  8:40  Refinery x2  
  133  8:43  SCV  
  133  8:47  Cyclone  
  137  8:49  Factory  
  137  8:51  Factory, Cyclone  
  137  8:52  Cyclone  
  143  9:19  Cyclone  
  139  9:30  Hellion, Cyclone x2  
  139  9:31  Hellion x3  
  152  9:48  Factory Tech Lab  
  152  9:49  Factory Tech Lab  
  152  9:52  Cyclone  
  152  10:02  Cyclone x2  
  148  10:07  Hellion x3  
  148  10:08  Hellion x2, Cyclone  
  152  10:24  Cyclone  
  155  10:34  Cyclone x2  
  152  10:41  Hellion, Cyclone x2  
  152  10:42  Hellion x3, Liberator x2  
  148  10:46  Terran Vehicle Weapons Level 3  
  144  10:56  Cyclone  
  137  11:06  Cyclone x2  
  137  11:09  Hellion x2  
  137  11:10  Hellion  
  149  11:13  Cyclone x2  
  155  11:28  Cyclone  
  153  11:34  Orbital Command  
  153  11:38  Cyclone  
  139  11:44  Cyclone  
  140  11:50  Cyclone  
  138  11:57  Hellion  
  140  12:08  Supply Depot  
  140  12:09  Supply Depot  
  140  12:10  Supply Depot  
  140  12:22  Hellion  
  139  12:23  Cyclone  
  140  12:30  Cyclone  
  140  12:47  Cyclone  
  140  12:48  Hellion x4, Cyclone  
  146  13:01  Cyclone x2  
  146  13:02  Cyclone  
  134  13:14  Hellion x4  
  139  13:20  Hellion  
  139  13:26  SCV x3  
  142  13:38  SCV x2, Liberator x2  
  131  13:58  Cyclone x4  
  131  13:59  Cyclone  
  131  14:00  Hellion x3  
  158  14:10  Orbital Command  
  158  14:13  Sensor Tower  
  158  14:21  SCV  
  140  14:39  Refinery, Sensor Tower  
  140  14:40  Refinery  
Tags
 
Add a new tag
Caveats
  • Supply blocks, unpowered buildings, or Contaminate may cause inaccurate times.
  • Supply counts are checked every 10 seconds.